 Dungeon Crawl Stone Soup version 0.32-a0-576-g706899e (webtiles) character file.

Game seed: 15569467840891829860

2646 Remcycle the Cleaver (level 9, -2/64 HPs)
             Began as a Formicid Fighter on Mar 1, 2024.
             Was a Follower of Qazlal.
             Slain by a gnoll
             ... wielding a +0 spear
             ... led by a gnoll bouda
              (5 damage)
             ... on level 7 of the Dungeon.
             The game lasted 00:13:13 (5323 turns).

Remcycle the Cleaver (Formicid Fighter)             Turns: 5323, Time: 00:13:14

Health: -2/64      AC:  8    Str: 25 (26) XL:     9   Next: 93%
Magic:  0/9        EV: 11    Int:  5 (7)  God:    Qazlal [*.....]
Gold:   300        SH:  7    Dex: 12 (13) Spells: 8/8 levels left

rFire   . . .        a - +1 war axe (freeze)
rCold   . . .        c - +0 buckler
rNeg    . . .        x - +0 steam dragon scales
rPois   .            (helmet unavailable)
rElec   .            e - +0 cloak
rCorr   .            (no gloves)
SInv    +            r - +0 pair of boots
Will    .....        m - amulet of guardian spirit
Stlth   +            g - +4 ring of slaying
HPRegen 0.30/turn    (no ring)
MPRegen 0.11/turn

%: guardian spirit
@: mighty, weakened
A: permanent stasis, dig shafts and tunnels, antennae 3, four strong arms
a: Dig, Shaft Self, Renounce Religion


You were on level 7 of the Dungeon.
You worshipped Qazlal.
Qazlal was aware of your devotion.
You visited 2 branches of the dungeon, and saw 8 of its levels.

You collected 356 gold pieces.
You spent 56 gold pieces at shops.

Inventory:

Hand Weapons
 a - a +1 war axe of freezing (weapon)
Missiles
 l - a throwing net
Armour
 c - a +0 buckler (worn)
 e - a +0 cloak (worn)
 r - a +0 pair of boots (worn)
 x - +0 steam dragon scales (worn)
Jewellery
 g - a +4 ring of slaying (left hand)
 i - a ring of wizardry
 k - an amulet of magic regeneration
 m - an amulet of guardian spirit (around neck)
 p - an amulet of faith
Wands
 n - a wand of polymorph (13)
 t - a wand of mindburst (16)
 w - a wand of warping (1)
Scrolls
 f - 2 scrolls of fear
 h - a scroll of summoning
Potions
 j - a potion of brilliance


   Skills:
 + Level 3.3 Fighting
 * Level 12.8 Axes
 + Level 3.3 Armour
 + Level 0.0 Dodging
 + Level 4.0 Shields


You had 8 spell levels left.
You didn't know any spells.
Your spell library contained the following spells:

 Spells                   Type           Power      Damage    Failure   Level
 Lesser Beckoning         Tloc           0%         N/A       67%         2
 Gell's Gravitas          Tloc           0%         N/A       88%         3
 Hailstorm                Conj/Ice       0%         3d5       88%         3
 Summon Ice Beast         Ice/Summ       0%         N/A       88%         3
 Teleport Other           Tloc           0%         N/A       88%         3
 Sculpt Simulacrum        Ice/Alch       0%         N/A       100%        6


Dungeon Overview and Level Annotations

Branches:
Dungeon (7/15)             Temple (1/1) D:5

Altars:
Ashenzari
Cheibriados
Dithmenos
Elyvilon
Fedhas
Gozag
Hepliaklqana
Kikubaaqudgha
Makhleb
Nemelex Xobeh
Okawaru
Qazlal
Ru
Sif Muna
Trog
Uskayaw
Vehumet
Wu Jian
Xom
Yredelemnul
Zin
The Shining One

Shops:
D:2 *


Innate Abilities, Weirdness & Mutations

You cannot be hasted, slowed, berserked, paralysed or teleported.
You can dig through walls and to a lower floor.
You have a pair of large antennae on your head. (SInv)
Your four strong arms can wield two-handed weapons with a shield.


Message History

* * * LOW HITPOINT WARNING * * *
The gnoll hits you but does no damage. You block the gnoll's attack.
The gnoll attacks as it pursues you! The gnoll barely misses you. x2
The gnoll is no longer moving quickly.
The gnoll bouda barks out a call to the hunt!
The gnoll picks up the pace!
The gnoll attacks as it pursues you!
The gnoll hits you from afar with a +0 halberd.
* * * LOW HITPOINT WARNING * * *
The gnoll is no longer moving quickly.
The gnoll bouda barks out a call to the hunt!
The gnoll picks up the pace!
The gnoll attacks as it pursues you! The gnoll barely misses you.
The gnoll hits you from afar with a +0 halberd.
* * * LOW HITPOINT WARNING * * *
It was a potion of berserk rage.
Your stasis prevents you from going berserk.
You block the gnoll's attack.
It was a potion of degeneration.
There was something very wrong with that liquid.
You feel weakened.
You feel dopey.
You feel clumsy. You block the gnoll's attack.
You feel very mighty all of a sudden.
The gnoll hits you from afar with a +0 halberd!
* * * LOW HITPOINT WARNING * * *
The gnoll closely misses you.
You slash the gnoll! You freeze the gnoll.
You kill the gnoll!
Qazlal accepts your kill. The gnoll closely misses you.
The gnoll bouda gazes fiercely through you!
You feel your attacks grow feeble. You block the gnoll's attack.
You see here a +0 halberd.
You slash the gnoll! You freeze the gnoll.
You kill the gnoll!
Qazlal accepts your kill. The gnoll misses you.
The gnoll hits you from afar with a +0 spear.
You die...

...#....#.....##.#,* *,*
##.#....#.....##.#,********** *,*
##.#....#.....##.#,**,,,,,,,* *,,
,,,*,*,,#.....##.#,**,,,,,,,***,*
****,*,,#.....##.#,,,,,,,,,,+,,,,
**,*,*,,#.....##.#***,,,,,,,***,,
,,,*<,,,*,,,,,*#.# *,,,,,,,* *,*
,*,*,**,*,*****#)# *,,,,,,,* *,*
,,,,,,,,*,* #@# *,,,,,,,* *,*
,********,* #g# *,,,,,,,* *,*
,,,,,,,,,,* #g# *,,,,,,,* *,*
*,,,,,,,*******#g#***,,,,,,,* *,*
*,,,,,,,* #.........#,,,,,,,* *,*
*,,,,,,,* #.........#,,,,,,,* *,*
*,,,,,,,* #.........#,,,,,,,* *,*
*,,,,,,,* ######+####******** *,*
*,,,,,,,* *,* *,*


You could see a gnoll bouda and 2 gnolls.

Vanquished Creatures
  Grinder (D:5)
  A hornet (D:7)
  The ghost of tls9540 the Insei, an amateur DsMo (D:5)
  Eustachio (D:5)
  A steam dragon (D:6)
  A water moccasin (D:7)
  An orc warrior (D:6)
  Duvessa (D:5)
  An ice beast (D:6)
  A black bear (D:6)
  A centaur (D:7)
  2 phantoms
  A kobold brigand (D:6)
  Blork the orc (D:6)
  2 scorpions (D:6)
  Dowan (D:5)
  A bombardier beetle (D:5)
  A jelly (D:4)
  6 hounds
  2 orc priests
  A gnoll bouda (D:6)
  A sleepcap (D:7)
  Jessica (D:2)
  An iguana (D:5)
  2 orc wizards
  2 hound zombies (D:5)
  6 adders
  12 gnolls
  A shadow imp (D:6)
  A white imp (D:7)
  A dart slug (D:5)
  2 ribbon worms
  30 orcs
  11 ball pythons
  13 bats
  3 endoplasms
  3 giant cockroaches
  4 goblins
  3 hobgoblins
  4 jackals (D:1)
  6 quokkas
  A frilled lizard (D:1)
  5 kobolds
  3 rats (D:1)
145 creatures vanquished.

Notes
Turn   | Place    | Note
-------+----------+-------------------------------------------
     0 | D:1      | Remcycle the Formicid Fighter began the quest for the Orb.
     0 | D:1      | Reached XP level 1. HP: 18/18 MP: 1/1
    30 | D:1      | Reached XP level 2. HP: 21/24 MP: 2/2
   159 | D:1      | Reached skill level 3 in Axes
   244 | D:1      | Reached XP level 3. HP: 23/29 MP: 3/3
   961 | D:2      | Noticed Jessica
   974 | D:2      | Killed Jessica
   975 | D:2      | Reached skill level 4 in Axes
   975 | D:2      | Reached XP level 4. HP: 24/35 MP: 4/4
  1021 | D:2      | Got Jessica's Papyrus of Movement
  1326 | D:2      | Found Vamaof's Assorted Antiques.
  1335 | D:2      | Bought 2 scrolls labelled CYDOXTIAHI for 56 gold pieces
  1368 | D:3      | Found a snail-covered altar of Cheibriados.
  1368 | D:3      | Found a shadowy altar of Dithmenos.
  1368 | D:3      | Found a glowing silver altar of Zin.
  1444 | D:3      | Reached XP level 5. HP: 37/41 MP: 5/5
  1709 | D:3      | Reached skill level 5 in Axes
  1926 | D:4      | Reached XP level 6. HP: 38/47 MP: 6/6
  1953 | D:4      | Reached skill level 6 in Axes
  2077 | D:4      | Found a bloodstained altar of Trog.
  2407 | D:4      | Found a hazy altar of Hepliaklqana.
  2529 | D:5      | Entered Level 5 of the Dungeon
  2670 | D:5      | Noticed Eustachio
  2843 | D:5      | Killed Eustachio
  2844 | D:5      | Reached skill level 7 in Axes
  2844 | D:5      | Reached XP level 7. HP: 34/52 MP: 4/7
  2912 | D:5      | Found a staircase to the Ecumenical Temple.
  3104 | Temple   | Entered the Ecumenical Temple
  3115 | Temple   | Became a worshipper of Qazlal Stormbringer
  3450 | D:5      | Noticed Duvessa
  3450 | D:5      | Noticed Dowan
  3463 | D:5      | Reached skill level 8 in Axes
  3466 | D:5      | Killed Duvessa
  3467 | D:5      | Reached XP level 8. HP: 52/58 MP: 6/8
  3476 | D:5      | Killed Dowan
  3506 | D:5      | Reached skill level 9 in Axes
  3565 | D:5      | Noticed Grinder
  3575 | D:5      | Killed Grinder
  3702 | D:5      | Found a runed translucent gate.
  3702 | D:5      | Found a runed translucent gate.
  3702 | D:5      | Found a runed translucent gate.
  3702 | D:5      | Noticed tls9540's ghost (amateur DsMo)
  3704 | D:5      | Found a basalt altar of Yredelemnul.
  3724 | D:5      | Killed tls9540's ghost
  3725 | D:5      | Reached skill level 10 in Axes
  3868 | D:6      | Noticed Blork the orc
  3886 | D:6      | Killed Blork the orc
  4027 | D:6      | Reached XP level 9. HP: 60/64 MP: 7/9
  4152 | D:6      | Reached * piety under Qazlal
  4159 | D:6      | Reached skill level 11 in Axes
  4479 | D:6      | Found a sacrificial altar of Ru.
  4498 | D:6      | Reached skill level 12 in Axes
  5098 | D:7      | Noticed a hornet
  5110 | D:7      | Killed a hornet
  5318 | D:7      | HP: 1/64 [gnoll/+0 halberd[a gnoll bouda] (9)]
  5323 | D:7      | Slain by a gnoll

Illustrated notes

Levels and vault maps discovered:
D:1:      roadster_arrival_rocket_small, layout_basic
D:2:      layout_basic, serial_shops, nicolae_shop_crystal,
          kennysheep_jessica_study
D:3:      layout_rooms, chequers_temple_overflow_statue_of_worship,
          serial_bayou_ford_a, roderic_batcave
D:4:      layout_rooms, mainiacjoe_overflow_alcove_1,
          mainiacjoe_overflow_six_doors_small
D:5:      layout_loops_corners, nicolae_yredelemnul_ghost_church,
          temple_doors_e, uniq_duvessa, uniq_eustachio, uniq_grinder
D:6:      layout_cave_pools, nicolae_ru_awakened_eye, uniq_blork_the_orc
D:7:      layout_basic
Temple:   hellmonk_temple_of_storms

Skill      XL: |  1  2  3  4  5  6  7  8  9 |
---------------+----------------------------+-----
Axes           | 3 4 5 7 8 10 12 | 12.8
Fighting       | |  3.3
Armour         | |  3.3
Shields        | |  4.0

Action                     |  1- 3 |  4- 6 |  7- 9 || total
---------------------------+-------+-------+-------++-------
  Melee: War axe           |    87 |   134 |   187 ||   408
    Use: Scroll            |     4 |     3 |     6 ||    13
         Potion            |       |     1 |     4 ||     5
 Armour: Scale mail        |    79 |   189 |    95 ||   363
         Steam dragon scal |       |       |    74 ||    74
  Dodge: Dodged            |    47 |   101 |   108 ||   256
  Block: Buckler           |    28 |    53 |    59 ||   140

Table legend: (Time is in decaauts)
 A = Elapsed time spent in this place.
 B = Non-inter-level travel time spent in this place.
 C = Inter-level travel time spent in this place.
 D = Time resting spent in this place.
 E = Time spent auto-exploring this place.
 F = Levels seen in this place.
 G = Mean time per level.
                   A        B        C        D        E       F      G
               +--------+--------+--------+--------+--------+-----+--------+
         Total |   5398 |   5165 |    233 |    256 |   3883 |   8 |  674.8 |
       Dungeon |   5375 |   5152 |    223 |    256 |   3883 |   7 |  767.9 |
        Temple |     22 |     12 |     10 |      0 |      0 |   1 |   22.0 |
               +--------+--------+--------+--------+--------+-----+--------+

Top non-repeatable levels by time:
     D:5: 1220 daAuts
     D:6: 996 daAuts
     D:2: 882 daAuts
     D:4: 827 daAuts
     D:1: 517 daAuts
     D:3: 478 daAuts
     D:7: 454 daAuts
  Temple: 22 daAuts
